 Dungeon Crawl Stone Soup version 0.31-a0-986-g5e6e4ef867 (webtiles) character file.

Game seed: 10978815275305793465

753 Maxmaps the Covert (level 7, -1/50 HPs)
             Began as an Octopode Shapeshifter on Nov 6, 2023.
             Was an Initiate of Gozag.
             Slain by an ogre
             ... wielding a +0 giant spiked club
              (24 damage)
             ... on level 5 of the Dungeon.
             The game lasted 00:03:23 (3897 turns).

Maxmaps the Covert (Octopode Shapeshifter)          Turns: 3897, Time: 00:03:24

Health: -1/50      AC:  1    Str: 13    XL:     7   Next: 79%
Magic:  7/7        EV: 13    Int: 15    God:    Gozag
Gold:   291        SH:  0    Dex: 11    Spells: 6/6 levels left

rFire   . .          .
                       - Unarmed
rCold   . . .        (no shield)
rNeg    . . .        (helmet currently unavailable)
rPois   .            (no amulet)
rElec   .            (no ring)
rCorr   .            (no ring)
SInv    .            (no ring)
Will    .....        (no ring)
Stlth   +++++        (no ring)
HPRegen 0.28/turn    (no ring)
MPRegen 0.10/turn    (no ring)
                     (no ring)

%: no passive effects
@: beast-form
A: beast (slay +2), almost no armour, amphibious, 8 rings, camouflage 1,
gelatinous body 1, (nimble swimmer 1), tentacles
a: Begin Untransformation, Renounce Religion, Potion Petition, Call Merchant,
Bribe Branch


You were on level 5 of the Dungeon.
You worshipped Gozag.
Gozag was aware of your devotion.
You were a hulking beast.
You visited 2 branches of the dungeon, and saw 6 of its levels.

You collected 371 gold pieces.
You paid 80 gold pieces to Gozag.

Inventory:

Jewellery
 k - a +4 ring of protection
Talismans
 b - a beast talisman
 c - a flux talisman
Scrolls
 a - a scroll of blinking {unknown}
 d - 4 scrolls of identify
 e - a scroll of acquirement {unknown}
 g - 2 scrolls of fog
 m - a scroll of teleportation
 o - a scroll of immolation
 p - a scroll of noise {unknown}
Potions
 f - a potion of haste
 h - a potion of ambrosia {unknown}
 i - 2 potions of attraction
 j - 2 potions of magic
 l - a potion of curing {unknown}
 n - a potion of resistance {unknown}
 q - a potion of might {unknown}


   Skills:
 - Level 5.3 Fighting
 + Level 2.0 Dodging
 - Level 8.0 Stealth
 - Level 3.0 Unarmed Combat
 - Level 4.0 Shapeshifting


You had 6 spell levels left.
You didn't know any spells.
Your spell library contained the following spells:

 Spells                   Type           Power      Damage    Failure   Level
 Ensorcelled Hibernation  Hex/Ice        0%         N/A       38%         2
 Jinxbite                 Hex            0%         N/A       38%         2
 Ozocubu's Armour         Ice            0%         N/A       63%         3
 Anguish                  Hex/Necr       0%         N/A       95%         4
 Ozocubu's Refrigeration  Ice            0%         4d7       100%        7


Dungeon Overview and Level Annotations

Branches:
Dungeon (5/15)             Temple (1/1) D:4

Altars:
Cheibriados
Dithmenos
Elyvilon
Fedhas
Gozag
Hepliaklqana
Kikubaaqudgha
Makhleb
Nemelex Xobeh
Okawaru
Qazlal
Ru
Sif Muna
Trog
Vehumet
Wu Jian
Xom
Yredelemnul
Zin
The Shining One


Innate Abilities, Weirdness & Mutations

You are a hulking beast.
Your limbs bulge with bestial killing power. (Slay +2)
You cannot wear most types of armour.
You are amphibious.
You can wear up to eight rings at the same time.
Your skin changes colour to match your surroundings (Stealth+).
Your rubbery body absorbs attacks. (AC +1, EV +1)
((You are camouflaged when in or above water. (Stealth+)))
You have tentacles for arms and can constrict up to eight enemies at once.


Message History

No target in view!
You see here 4 stones.
You see here 4 stones.
e - a scroll labelled DUAPEA KIKAPS Key pressed, stopping explore.
No target in view!
No target in view!
An ogre comes into view. It is wielding a +0 giant spiked club.
An ogre is nearby!
An ogre is nearby!
The helpless ogre fails to defend itself.
You bludgeon the ogre! Your squeeze misses the ogre.
The ogre is moderately wounded.
The ogre closely misses you.
You bludgeon the ogre!
The ogre is heavily wounded.
The ogre hits you with a +0 giant spiked club!!
Ouch! That really hurt!
You are too injured to fight recklessly!
You are too injured to fight recklessly!
You are too injured to fight recklessly!
You are too injured to fight recklessly!
You are too injured to fight recklessly!
You are too injured to fight recklessly!
You are too injured to fight recklessly!
You are too injured to fight recklessly!
You are too injured to fight recklessly!
You are too injured to fight recklessly!
You are too injured to fight recklessly!
You are too injured to fight recklessly!
You are too injured to fight recklessly!
You are too injured to fight recklessly!
You are too injured to fight recklessly!
You tentacle-slap the ogre.
The ogre is severely wounded.
You tentacle-slap the ogre.
The ogre is severely wounded.
The ogre hits you with a +0 giant spiked club!!
You die...
Your body crumbles into a pile of gold.

#.. ... #.# ## #
#.# .###.# #.#
..<..# #.# ######
#O# #h# # #.# #.
#.# ##.##.# #
#...#.#####.###
#.#...........
#...#..####.##
#####..........##.#
#.................#


You could see an ogre.

Vanquished Creatures
  A hornet (D:5)
  A phantom (D:5)
  3 scorpions
  A jelly (D:4)
  An orc priest (D:3)
  An iguana (D:4)
  An orc wizard (D:3)
  Natasha (D:2)
  Terence (D:2)
  4 adders
  4 dart slugs
  5 orcs
  11 endoplasms
  10 giant cockroaches
  6 goblins
  7 hobgoblins
  4 kobolds
  6 quokkas
  7 ball pythons
  8 bats
  9 frilled lizards
  6 rats
98 creatures vanquished.

Notes
Turn   | Place    | Note
-------+----------+-------------------------------------------
     0 | D:1      | Maxmaps the Octopode Shapeshifter began the quest for the
                  | Orb.
     0 | D:1      | Reached XP level 1. HP: 13/13 MP: 1/1
    49 | D:1      | Reached XP level 2. HP: 16/18 MP: 2/2
   339 | D:1      | Reached XP level 3. HP: 23/23 MP: 3/3
   887 | D:2      | Reached XP level 4. HP: 27/30 MP: 4/4
  1000 | D:2      | Noticed Natasha
  1008 | D:2      | Killed Natasha
  1341 | D:2      | Noticed Terence
  1345 | D:2      | Killed Terence
  1346 | D:2      | Reached XP level 5. HP: 30/37 MP: 5/5
  2322 | D:3      | Reached skill level 5 in Fighting
  2322 | D:3      | Reached XP level 6. HP: 38/45 MP: 6/6
  2713 | D:4      | Reached skill level 1 in Stealth
  2811 | D:4      | Reached skill level 2 in Stealth
  2812 | D:4      | Found a staircase to the Ecumenical Temple.
  2844 | Temple   | Entered the Ecumenical Temple
  2875 | Temple   | Became a worshipper of Gozag Ym Sagoz the Greedy
  2951 | D:4      | Reached skill level 3 in Stealth
  3376 | D:5      | Entered Level 5 of the Dungeon
  3397 | D:5      | Reached skill level 4 in Stealth
  3532 | D:5      | Noticed a hornet
  3538 | D:5      | Paralysed by a hornet for 1 turns
  3545 | D:5      | Killed a hornet
  3546 | D:5      | Reached skill level 6 in Stealth
  3546 | D:5      | Reached XP level 7. HP: 36/50 MP: 7/7
  3552 | D:5      | Reached skill level 7 in Stealth
  3762 | D:5      | Reached skill level 8 in Stealth
  3897 | D:5      | Slain by an ogre

Illustrated notes

Levels and vault maps discovered:
D:1:      dreamdust_arrival_beginning_and_end, layout_basic
D:2:      minmay_roachtagon, layout_basic, grunt_ministairs_7,
          minmay_pentomino_s2, uniq_natasha, uniq_terence
D:3:      layout_basic
D:4:      layout_basic, temple_pool_b
D:5:      layout_loops_ring
Temple:   mainiacjoe_temple_big_plus

Skill      XL: |  1  2  3  4  5  6  7 |
---------------+----------------------+-----
Shapeshifting  | 4 |  4.0
Fighting       | 2 3 5 |  5.3
Stealth        | 6 8 |  8.0
Dodging        | |  2.0
Unarmed Combat | |  3.0

Action                     |  1- 3 |  4- 6 |  7- 9 || total
---------------------------+-------+-------+-------++-------
  Melee: Unarmed           |    69 |   117 |    23 ||   209
         Constrict         |    15 |    23 |     1 ||    39
         Tentacles         |     9 |    23 |     2 ||    34
         Punch             |     2 |       |       ||     2
    Use: Scroll            |       |     9 |       ||     9
         Potion            |       |     3 |       ||     3
   Stab: Sleeping          |    11 |    15 |     2 ||    28
 Armour: Skin              |    23 |    54 |    17 ||    94
  Dodge: Dodged            |    32 |    47 |     3 ||    82

Table legend: (Time is in decaauts)
 A = Elapsed time spent in this place.
 B = Non-inter-level travel time spent in this place.
 C = Inter-level travel time spent in this place.
 D = Time resting spent in this place.
 E = Time spent auto-exploring this place.
 F = Levels seen in this place.
 G = Mean time per level.
                   A        B        C        D        E       F      G
               +--------+--------+--------+--------+--------+-----+--------+
         Total |   3886 |   3731 |    155 |    199 |   2883 |   6 |  647.7 |
       Dungeon |   3824 |   3727 |     97 |    199 |   2883 |   5 |  764.8 |
        Temple |     61 |      3 |     58 |      0 |      0 |   1 |   61.0 |
               +--------+--------+--------+--------+--------+-----+--------+

Top non-repeatable levels by time:
     D:2: 1009 daAuts
     D:3: 925 daAuts
     D:4: 743 daAuts
     D:1: 625 daAuts
     D:5: 521 daAuts
  Temple: 61 daAuts
